 Dungeon Crawl Stone Soup version 0.24-a0-235-g3f03afc (webtiles) character file.

Game seed: 13138502247621363312

4552 xeno23 the Carver (level 10, -3/66 HPs)
             Began as an Octopode Assassin on Apr 8, 2019.
             Was a Believer of Uskayaw.
             Slain by a hippogriff (9 damage)
             ... on level 8 of the Dungeon.
             The game lasted 00:26:19 (6762 turns).

xeno23 the Carver (Octopode Assassin)               Turns: 6762, Time: 00:26:20

Health: -3/66      AC:  1    Str: 12    XL:     10   Next: 40%
Magic:  10/10      EV: 16    Int: 14    God:    Uskayaw [**....]
Gold:   517        SH:  0    Dex: 15    Spells: 9/9 levels left

rFire    . . .     SeeInvis .   d - +10 zealot's sword {holy, *Rage rN+ EV+3}
rCold    . . .     Gourm    +   (no shield)
rNeg     + . .     Faith    .   (helmet restricted)
rPois    .         Spirit   .   u - amulet of the gourmand
rElec    .         Reflect  .   (no ring)
rCorr    .         Harm     .   (no ring)
MR       .....     Rnd*Rage +   (no ring)
Stlth    +++++.....             (no ring)
HPRegen  0.21/turn              (no ring)
MPRegen  0.12/turn              (no ring)
                                (no ring)
                                (no ring)

@: no status effects
A: almost no armour, stealthy swim, amphibious, 8 rings, constrict 8, camouflage
1, gelatinous body 1
a: Stomp, Line Pass, Renounce Religion


You were on level 8 of the Dungeon.
You worshipped Uskayaw.
Uskayaw was noncommittal.
You were completely stuffed.

You visited 2 branches of the dungeon, and saw 9 of its levels.

You collected 517 gold pieces.

Inventory:

Hand Weapons
 a - a +2 dagger of holy wrath
 d - the +10 zealot's sword (weapon) {holy, *Rage rN+ EV+3}
   (You found it on level 6 of the Dungeon)

   It has been blessed by the Shining One to cause great damage to the undead
   and demons.
   It affects your evasion (+3).
   It protects you from negative energy.
   It may make you go berserk in combat.
 s - a +0 blowgun
Missiles
 c - 18 poisoned needles
 e - 7 needles of sleeping
 t - 6 needles of frenzy
 H - 10 curare-tipped needles
 L - 2 throwing nets (quivered)
Jewellery
 u - an amulet of the gourmand (around mantle)
 C - a +3 ring of strength
Wands
 m - a wand of clouds (4)
 A - a wand of random effects (29)
 D - a wand of enslavement (9)
 I - a wand of digging (6)
 K - a wand of disintegration (10)
Scrolls
 b - a scroll of enchant armour {unknown}
 j - 4 scrolls of teleportation {unknown}
 k - 3 scrolls of amnesia {unknown}
 o - 4 scrolls of immolation {unknown}
 v - 2 scrolls of fear {unknown}
 w - 4 scrolls of remove curse {unknown}
 x - a scroll of magic mapping {unknown}
 y - a scroll of noise {unknown}
 B - 13 scrolls of identify {unknown}
 F - 2 scrolls of enchant weapon {unknown}
 G - a scroll of random uselessness {unknown}
 N - 2 scrolls of blinking {unknown}
Potions
 g - 4 potions of might {unknown}
 h - 2 potions of mutation {unknown}
 i - 4 potions of brilliance {unknown}
 l - 2 potions of resistance {unknown}
 n - 4 potions of curing {unknown}
 p - 2 potions of ambrosia {unknown}
 q - 2 potions of flight {unknown}
 r - a potion of magic {unknown}
 z - 3 potions of lignification
 E - a potion of degeneration {unknown}
 J - a potion of heal wounds {unknown}
Comestibles
 f - 23 rations
 M - 8 chunks of flesh


   Skills:
 + Level 5.0 Fighting
 - Level 6.5(9.9) Short Blades
 - Level 11.4(12.1) Long Blades
 - Level 2.0 Throwing
 + Level 1.6 Dodging
 + Level 8.6 Stealth
 + Level 1.2 Invocations


You had 9 spell levels left.
You didn't know any spells.
Your spell library was empty.

Dungeon Overview and Level Annotations

Branches:
Dungeon (8/15)             Temple (1/1) D:6            Lair (0/6) D:8

Altars:
Ashenzari
Cheibriados
Dithmenos
Elyvilon
Fedhas
Gozag
Hepliaklqana
Kikubaaqudgha
Makhleb
Nemelex Xobeh
Okawaru
Qazlal
Ru
Sif Muna
Trog
Uskayaw
Vehumet
Wu Jian
Xom
Yredelemnul
Zin
The Shining One

Shops:
D:4 %   D:7 (

Annotations:
D:8 exclusion: statue


Innate Abilities, Weirdness & Mutations

You cannot wear most types of armour.
You are very stealthy in the water. (Stealth+)
You are amphibious.
You can wear up to eight rings at the same time.
You can use your tentacles to constrict eight enemies at once.
Your skin changes colour to match your surroundings (Stealth+).
Your rubbery body absorbs attacks. (AC +1, EV +1)


Message History

You hear a shout! x2
You slash the hippogriff!
The hippogriff is heavily wounded.
The hippogriff closely misses you. The hippogriff pecks you.
The hippogriff claws you.
You take 10 damage.
You hit the hippogriff.
The hippogriff is severely wounded.
You can now pass through a line of other dancers.
You barely miss the hippogriff.
The hippogriff is severely wounded.
The hippogriff bites you! The hippogriff misses you. The hippogriff claws you!
* * * LOW HITPOINT WARNING * * *
You take 15 damage.
You slice the hippogriff!!
The hippogriff is almost dead.
The hippogriff bites you!
* * * LOW HITPOINT WARNING * * *
The hippogriff pecks you!
You die...

...###.#####o##.o.......#
.............#........P..
.......# #....P........ .......#
#..H....>.....
.......######.........P..
....#.......##..P........
....#.#####.###.........#
....#.#####..####H....#
....#.#.........@.....#
....#.#.###....)......#
.####.#.##.......####.# .#
##.#t##...)...# # ##
#.............### #
#.(..##.........#
####(...##.........#
'c.(....##.........##########
####....##.........##........#..o


You could see a hippogriff.

Vanquished Creatures
  Maurice (D:8)
  A kobold demonologist (D:8)
  A yak (D:8)
  Grum (D:8)
  Menkaure (D:7)
  Edmund (D:4)
  Duvessa (D:7)
  An ice beast (D:5)
  An orc warrior (D:8)
  2 sky beasts
  2 phantoms
  An eye of draining (D:8)
  8 ogres
  2 wolves (D:8)
  3 centaurs
  2 crocodiles (D:8)
  4 bullfrogs
  A gnoll sergeant (D:8)
  Dowan (D:7)
  A water moccasin skeleton (D:6)
  A scorpion (D:7)
  2 crimson imps
  A howler monkey (D:8)
  3 hounds
  A quasit (D:7)
  2 orc priests (D:7)
  A jelly (D:7)
  Crazy Yiuf (D:2)
  A bullfrog skeleton (D:7)
  A centaur skeleton (D:6)
  An iguana (D:8)
  Natasha (thrice) (D:2)
  7 orc wizards
  3 worker ants
  A hound skeleton (D:8)
  Robin (D:2)
  6 adders
  3 gnolls (D:8)
  A shadow imp (D:6)
  3 worms
  2 dart slugs
  7 leopard geckos
  17 orcs
  2 giant cockroaches
  17 goblins
  12 hobgoblins
  21 jackals
  2 quokkas
  A ball python (D:3)
  6 bats
  5 frilled lizards
  7 kobolds
  2 quokka skeletons
  8 rats
  A plant (D:4)
189 creatures vanquished.

Vanquished Creatures (others)
  3 toadstools (D:6)
3 creatures vanquished.

Grand Total: 192 creatures vanquished

Notes
Turn   | Place    | Note
-------+----------+-------------------------------------------
     0 | D:1      | xeno23 the Octopode Assassin began the quest for the Orb.
     0 | D:1      | Reached XP level 1. HP: 14/14 MP: 1/1
   103 | D:1      | Reached XP level 2. HP: 5/19 MP: 2/2
   447 | D:1      | Reached XP level 3. HP: 23/25 MP: 3/3
   981 | D:2      | Found a stormy altar of Qazlal.
  1086 | D:2      | Found a sacrificial altar of Ru.
  1089 | D:2      | Found a glowing silver altar of Zin.
  1091 | D:2      | Found an ornate altar of the Wu Jian Council.
  1134 | D:2      | Noticed Natasha
  1167 | D:2      | Reached XP level 4. HP: 22/30 MP: 4/4
  1356 | D:2      | Killed Natasha
  1434 | D:2      | Found a runed translucent door.
  1435 | D:2      | Noticed Crazy Yiuf
  1442 | D:2      | Killed Crazy Yiuf
  1442 | D:2      | Reached XP level 5. HP: 22/36 MP: 5/5
  1470 | D:2      | Noticed Natasha
  1478 | D:2      | Killed Natasha
  1607 | D:2      | Found a faded altar of an unknown god.
  1608 | D:2      | Noticed Robin
  1644 | D:2      | Killed Robin
  1702 | D:2      | Noticed Natasha
  1713 | D:2      | Killed Natasha
  1801 | D:3      | Found a bloodstained altar of Trog.
  1873 | D:3      | Found a hazy altar of Hepliaklqana.
  2217 | D:3      | Reached XP level 6. HP: 30/42 MP: 6/6
  2699 | D:4      | Found Tuafyigg's Food Shoppe.
  2759 | D:4      | Reached skill level 5 in Short Blades
  2769 | D:4      | Noticed Edmund
  2777 | D:4      | Killed Edmund
  2777 | D:4      | Reached XP level 7. HP: 36/48 MP: 7/7
  3337 | D:5      | Entered Level 5 of the Dungeon
  3567 | D:5      | Reached XP level 8. HP: 33/54 MP: 8/8
  3907 | D:6      | Found the +10 zealot's sword {holy, *Rage rN+ EV+3}
  4002 | D:6      | Reached skill level 1 in Long Blades
  4055 | D:6      | Reached skill level 2 in Long Blades
  4068 | D:6      | Reached skill level 3 in Long Blades
  4263 | D:6      | Found a staircase to the Ecumenical Temple.
  4305 | Temple   | Entered the Ecumenical Temple
  4471 | Temple   | Became a worshipper of Uskayaw the Reveler
  4632 | D:6      | Reached skill level 4 in Long Blades
  4632 | D:6      | Reached * piety under Uskayaw
  4868 | D:6      | Reached ** piety under Uskayaw
  4998 | D:7      | Reached *** piety under Uskayaw
  5060 | D:7      | Reached skill level 5 in Long Blades
  5173 | D:7      | Noticed Duvessa
  5175 | D:7      | Noticed Dowan
  5183 | D:7      | Killed Duvessa
  5183 | D:7      | Reached skill level 6 in Long Blades
  5185 | D:7      | Killed Dowan
  5203 | D:7      | Reached XP level 9. HP: 39/59 MP: 9/9
  5245 | D:7      | Reached skill level 7 in Long Blades
  5393 | D:7      | Found Aclitoat's Antique Weapon Boutique.
  5613 | D:7      | Reached skill level 8 in Long Blades
  5659 | D:7      | Noticed Menkaure
  5670 | D:7      | Killed Menkaure
  5802 | D:8      | Noticed a kobold demonologist
  5807 | D:8      | Killed a kobold demonologist
  5807 | D:8      | Reached skill level 9 in Long Blades
  6132 | D:8      | Reached skill level 10 in Long Blades
  6158 | D:8      | Noticed Maurice
  6171 | D:8      | Killed Maurice
  6171 | D:8      | Reached XP level 10. HP: 60/65 MP: 10/10
  6262 | D:8      | Noticed Grum
  6273 | D:8      | Reached skill level 11 in Long Blades
  6277 | D:8      | Reached **** piety under Uskayaw
  6279 | D:8      | Killed Grum
  6333 | D:8      | Found a radiant altar of Vehumet.
  6589 | D:8      | Found a staircase to the Lair.
  6659 | D:8      | Reached skill level 1 in Invocations
  6663 | D:8      | Reached skill level 5 in Fighting
  6762 | D:8      | Slain by a hippogriff

Levels and vault maps discovered:
D:1:      dpeg_arrival_arbitrary_a, layout_loops_corners, minmay_misc_feat_tower
D:2:      layout_rooms, overflow_temple_1_default,
          grunt_temple_overflow_diamond, first_ration,
          chequers_ecumenical_altar_simple_redux, minmay_pentomino_u4,
          uniq_natasha, uniq_robin, uniq_crazy_yiuf_cottage
D:3:      layout_basic, marbit_many_paths, trog_three_pillars_becter
D:4:      layout_loops_ring, serial_shops, nicolae_shop_waterfront,
          serial_bayou_lake_a, uniq_edmund
D:5:      layout_loops_ring
D:6:      layout_basic, minmay_temple_entry_tees, minmay_gold_behind_fungi,
          nicolae_sextant
D:7:      layout_basic, serial_shops, shop, grunt_ogre_cave, uniq_duvessa,
          uniq_menkaure
D:8:      layout_basic, vehumet_statue, david_lair_generic, uniq_grum,
          uniq_maurice
Temple:   nicolae_temple_elliptical

Skill      XL: |  1  2  3  4  5  6  7  8  9 10 |
---------------+-------------------------------+-----
Short Blades   | 3 4 5 6 |  6.5
Stealth        | 6 7 8 |  8.6
Fighting       | 3 4 5 |  5.0
Long Blades    | 6 10 11 | 11.4
Invocations    | 1 |  1.2
Throwing       | |  2.0
Dodging        | |  1.6

Action                   |  1- 3 |  4- 6 |  7- 9 | 10-12 || total
-------------------------+-------+-------+-------+-------++-------
Melee: Dagger            |    63 |   115 |    43 |       ||   221
       Constrict         |    14 |    32 |    22 |     8 ||    76
       Tentacles         |     8 |    28 |    30 |     6 ||    72
       Eudemon blade     |       |       |   115 |    46 ||   161
 Fire: Blowgun           |       |     2 |    16 |    13 ||    31
Evoke: Wand              |       |       |       |     1 ||     1
  Use: Potion            |       |       |       |     1 ||     1
 Stab: Sleeping          |    17 |    11 |    18 |     4 ||    50
       Distracted        |       |     1 |     2 |       ||     3
       Paralysed         |       |       |     3 |     2 ||     5
  Eat: Chunk             |     1 |    18 |    11 |     2 ||    32
Armor: Skin              |     8 |     5 |     2 |     1 ||    16
Dodge: Dodged            |    21 |    46 |    62 |    17 ||   146
       Rpst.: Eudemon blade |       |       |    21 |     1 ||    22

Table legend:
 A = Non-vault XP
 B = Vault XP
 C = Vault XP percentage of total XP
 D = Non-vault monster count
 E = Vault monster count
 F = Vault count percentage of total count
                 A         B        C        D         E       F
            +---------+---------+-------+---------+---------+-------
      Total |    4382 |    2122 |  32.6 |     159 |      29 |  15.4
            +---------+---------+-------+---------+---------+-------
        D:1 |      52 |       0 |   0.0 |      29 |       0 |   0.0
        D:2 |     120 |     116 |  49.2 |      14 |      16 |  53.3
        D:3 |      94 |       3 |   3.1 |      25 |       1 |   3.8
        D:4 |     369 |     169 |  31.4 |       7 |       1 |  12.5
        D:5 |     325 |       0 |   0.0 |      10 |       0 |   0.0
        D:6 |     565 |       0 |   0.0 |      19 |       0 |   0.0
        D:7 |    1022 |     505 |  33.1 |      24 |       4 |  14.3
        D:8 |    1835 |    1329 |  42.0 |      31 |       7 |  18.4
            +---------+---------+-------+---------+---------+-------
